 Dungeon Crawl Stone Soup version 0.25.0-9-g26727b657a (webtiles) character file.

Game seed: 2760581988462219105

1144208 shadizar the Conqueror (level 27, -2/139 HPs)
             Began as a Gargoyle Fighter on June 18, 2020.
             Was the Champion of the Shining One.
             Killed from afar by Lom Lobon (33 damage)
             ... with a great icy blast
             ... in Pandemonium.
             The game lasted 03:51:08 (92350 turns).

shadizar the Conqueror (Gargoyle Fighter)          Turns: 92350, Time: 03:51:09

Health: -2/139     AC: 57    Str: 32    XL:     27
Magic:  33/36      EV: 17    Int: 12    God:    the Shining One [******]
Gold:   18718      SH: 43    Dex:  7    Spells: 26/26 levels left

rFire    + + +     SeeInvis .   m - +9 eudemon blade (holy)
rCold    + + +     Gourm    .   X - +11 tower shield "Rualatih" {Int+4}
rNeg     + + +     Faith    .   O - +8 plate armour of the Vestibule of Hell {+Blink rElec}
rPois    ∞         Spirit   .   x - +0 hat of Charity {*Corrode MR++ Slay+4 Stlth+}
rElec    +         Reflect  +   o - scarf {rC+ rF+}
rCorr    .         Harm     .   F - +1 pair of gloves of Poupli {rPois rC+ rN+}
MR       +++++     Rnd*Rage +   b - +0 pair of boots of Dramatic Exits {rC+ MR+}
Stlth    ..........             J - amulet of Qecarewe {Reflect *Drain rF+ rC++ SH+5 Stlth+}
HPRegen  0.33/turn              g - ring of Immorality {rPois rC+++ rN+ MR+ Dex-2}
MPRegen  0.25/turn              A - ring of Aron {rF+ Dex+2}

@: berserk cooldown, flying, slowed, glowing, very slow
A: big wings, thin metallic scales 1, berserk 2, blurry vision 1, clumsy 1,
deterioration 1, dopey 1, frail 3, negative energy resistance 1, sense
surroundings 1, screaming 1, electricity resistance, unbreathing, petrification
resistance, rot immunity, AC +20
}: 11/15 runes: serpentine, barnacled, silver, golden, iron, obsidian, icy,
bone, abyssal, fiery, dark
a: Stop Flying, Divine Shield, Cleansing Flame, Summon Divine Warrior, Renounce
Religion, Evoke Blink


You were in Pandemonium.
You worshipped the Shining One.
The Shining One was exalted by your worship.
You were not hungry.

You visited 16 branches of the dungeon, and saw 80 of its levels.
You visited Pandemonium 1 time, and saw 13 of its levels.
You visited the Abyss 2 times.
You visited 1 bazaar.
You also visited: Trove, Ossuary and Gauntlet.

You collected 20471 gold pieces.
You spent 1753 gold pieces at shops.

Inventory:

Hand Weapons
 m - a +9 eudemon blade of holy wrath (weapon)
 D - the +11 hunting sling of Evisceration {vorpal, Dex+2}
   (You found it on level 3 of the Elven Halls)

   Any stone fired from it inflicts extra damage.
   It affects your dexterity (+2).
 L - the +8 broad axe of the Disturbing Yaks {pain, rElec, unknown}
   (You found it in Pandemonium)

   In the hands of one skilled in necromantic magic, it inflicts extra damage on
   living creatures.
   It insulates you from electricity.
   The Shining One disapproves of the use of such an item.
 U - the +12 scimitar of Egalitarianism {antimagic, SInv}
   (Okawaru gifted it to you on level 2 of the Elven Halls)

   It reduces the magical energy of the wielder, and disrupts the spells and
   magical abilities of those hit.
   Natural abilities and divine invocations are not affected.
   It lets you see invisible.
Armour
 b - the +0 pair of boots of Dramatic Exits (worn) {rC+ MR+}
   (Okawaru gifted it to you on level 3 of the Elven Halls)

   It protects you from cold.
   It affects your resistance to hostile enchantments.
 o - a scarf of resistance (worn)
 q - a scarf of repulsion
 x - the +0 hat of Charity (worn) {*Corrode MR++ Slay+4 Stlth+}
   (Okawaru gifted it to you on level 2 of the Snake Pit)

   It affects your accuracy and damage with ranged weapons and melee attacks
   (+4).
   It affects your resistance to hostile enchantments.
   It may corrode you when you take damage.
   It makes you more stealthy.
 F - the +1 pair of gloves of Poupli (worn) {rPois rC+ rN+}
   (Okawaru gifted it to you on level 2 of the Lair of Beasts)

   It protects you from cold.
   It protects you from poison.
   It protects you from negative energy.
 K - a +2 pair of boots of running
 O - the +8 plate armour of the Vestibule of Hell (worn) {+Blink rElec}
   (Okawaru gifted it to you on level 4 of the Shoals)

   It insulates you from electricity.
   It lets you blink.
 P - a +2 cloak of preservation
 X - the +11 tower shield "Rualatih" (worn) {Int+4}
   (You bought it in a shop on level 2 of the Orcish Mines)

   It affects your intelligence (+4).
Jewellery
 d - the amulet "Elimoeku" {rC+ Regen+ Str+6}
   (You found it in a treasure trove)

   [amulet of regeneration]

   It affects your strength (+6).
   It protects you from cold.
   It increases your rate of regeneration.
 g - the ring of Immorality (left hand) {rPois rC+++ rN+ MR+ Dex-2}
   (You found it on level 5 of the Vaults)

   [ring of protection from magic]

   It affects your dexterity (-2).
   It renders you almost immune to cold.
   It protects you from poison.
   It protects you from negative energy.
   It affects your resistance to hostile enchantments.
 h - the ring "Egahupp" {Fire Str+5}
   (You found it on level 3 of the Tomb of the Ancients)

   [ring of fire]

   It enhances your fire magic.
   It affects your strength (+5).
   It protects you from fire.
   It makes you vulnerable to cold.
 s - the ring "Cunk" {rPois rF- rC+ rN+}
   (You found it in a Gauntlet)

   [ring of protection from cold]

   It makes you vulnerable to fire.
   It protects you from cold.
   It protects you from poison.
   It protects you from negative energy.
 v - an uncursed ring of wizardry
 A - the ring of Aron (right hand) {rF+ Dex+2}
   (You found it in a Gauntlet)

   [ring of protection from fire]

   It affects your dexterity (+2).
   It protects you from fire.
 I - the amulet of the Cast Vote {Faith *Drain rElec rF+ rN+}
   (You found it in Pandemonium)

   [amulet of faith]

   It allows you to gain divine favour quickly.
   It protects you from fire.
   It insulates you from electricity.
   It protects you from negative energy.
   It causes draining when unequipped.
 J - the amulet of Qecarewe (around neck) {Reflect *Drain rF+ rC++ SH+5 Stlth+}
   (You took it off a naga ritualist on level 2 of the Snake Pit)

   [amulet of reflection]

   It shields you and reflects attacks.
   It protects you from fire.
   It greatly protects you from cold.
   It causes draining when unequipped.
   It affects your SH (+5).
   It makes you more stealthy.
 Z - the amulet of the Four Winds {rN+ MR+++ Clar}
   (You found it on level 3 of the Tomb of the Ancients)

   [amulet of nothing]

   It protects you from negative energy.
   It affects your resistance to hostile enchantments.
   It protects you against confusion.
Wands
 Y - a wand of digging (30)
Scrolls
 i - 15 scrolls of fog
 j - 31 scrolls of teleportation
 l - a scroll of amnesia
 n - 3 scrolls of enchant armour
 r - 6 scrolls of blinking
 t - 40 scrolls of remove curse
 u - 12 scrolls of fear
 y - 8 scrolls of magic mapping
 G - 7 scrolls of identify
 T - a scroll of enchant weapon
 W - a scroll of summoning
Potions
 a - 6 potions of cancellation
 e - 5 potions of ambrosia
 k - 28 potions of curing
 p - 4 potions of berserk rage
 C - 3 potions of might
 E - 2 potions of resistance
 V - a potion of brilliance
Miscellaneous
 w - a lightning rod (4/4)
 z - a figurine of a ziggurat
 N - a tin of tremorstones (3/3)
Comestibles
 f - 92 rations


   Skills:
 O Level 27 Fighting
 + Level 26.9 Long Blades
 - Level 9.0(10.3) Axes
   Level 9.2(10.9) Maces & Flails
 - Level 25.2 Armour
 + Level 23.5 Dodging
 - Level 25.2 Shields
 - Level 18.0 Invocations
 + Level 11.2 Evocations


You had 26 spell levels left.
You didn't know any spells.
Your spell library contained the following spells:

 Spells                   Type           Power        Failure   Level  Hunger
 Animate Skeleton         Necr           N/A          67%         1    ##.....
 Apportation              Tloc           #.....       67%         1    ##.....
 Beastly Appendage        Tmut           #.....       67%         1    ##.....
 Corona                   Hex            #......      67%         1    ##.....
 Foxfire                  Conj/Fire      #...         67%         1    ##.....
 Freeze                   Ice            #...         67%         1    ##.....
 Infusion                 Chrm           #...         67%         1    ##.....
 Magic Dart               Conj           #...         67%         1    ##.....
 Sandblast                Erth           #.....       67%         1    ##.....
 Shock                    Conj/Air       #...         67%         1    ##.....
 Sting                    Tmut/Pois      #...         67%         1    ##.....
 Summon Butterflies       Summ           #.......     67%         1    ##.....
 Summon Small Mammal      Summ           #...         67%         1    ##.....
 Blink                    Tloc           N/A          80%         2    ###....
 Call Imp                 Summ           #.......     80%         2    ###....
 Corpse Rot               Necr/Air       N/A          80%         2    ###....
 Ensorcelled Hibernation  Hex/Ice        #.....       80%         2    ###....
 Passwall                 Tmut/Erth      #.......     80%         2    ###....
 Poisonous Vapours        Pois/Air       #.....       80%         2    ###....
 Searing Ray              Conj           #.....       80%         2    ###....
 Shroud of Golubria       Chrm/Tloc      #.....       80%         2    ###....
 Slow                     Hex            #.......     80%         2    ###....
 Song of Slaying          Chrm           #.......     80%         2    ###....
 Sticks to Snakes         Tmut           #.......     80%         2    ###....
 Swiftness                Chrm/Air       #.......     80%         2    ###....
 Call Canine Familiar     Summ           #.......     95%         3    ####...
 Confusing Touch          Hex            #.......     95%         3    ####...
 Conjure Flame            Conj/Fire      #.......     95%         3    ####...
 Dazzling Flash           Conj/Hex       #.....       95%         3    ####...
 Frozen Ramparts          Ice            #.....       95%         3    ####...
 Gell's Gravitas          Tloc           #.........   95%         3    ####...
 Ignite Poison            Fire/Tmut/Pois #.......     95%         3    ####...
 Inner Flame              Hex/Fire       #.......     95%         3    ####...
 Lesser Beckoning         Tloc           #.........   95%         3    ####...
 Mephitic Cloud           Conj/Pois/Air  #.......     95%         3    ####...
 Ozocubu's Armour         Chrm/Ice       #.......     95%         3    ####...
 Portal Projectile        Hex/Tloc       #.....       95%         3    ####...
 Spectral Weapon          Hex/Chrm       #.......     95%         3    ####...
 Spider Form              Tmut/Pois      #.........   95%         3    ####...
 Static Discharge         Conj/Air       #.......     95%         3    ####...
 Stone Arrow              Conj/Erth      #.....       95%         3    ####...
 Summon Guardian Golem    Hex/Summ       #.......     95%         3    ####...
 Teleport Other           Tloc           #.......     95%         3    ####...
 Tukima's Dance           Hex            #.......     95%         3    ####...
 Airstrike                Air            #.........   100%        4    #####..
 Animate Dead             Necr           N/A          100%        4    #####..
 Cause Fear               Hex            #.........   100%        4    #####..
 Dispel Undead            Necr           #.......     100%        4    #####..
 Fulminant Prism          Conj/Hex       #.........   100%        4    #####..
 Hailstorm                Conj/Ice       #.......     100%        4    #####..
 Ice Form                 Ice/Tmut       #.......     100%        4    #####..
 Iskenderun's Mystic Bla  Conj/Tloc      #.......     100%        4    #####..
 Leda's Liquefaction      Hex/Erth       #.........   100%        4    #####..
 Passage of Golubria      Tloc           N/A          100%        4    #####..
 Petrify                  Tmut/Erth      #.......     100%        4    #####..
 Sticky Flame             Conj/Fire      #.......     100%        4    #####..
 Summon Ice Beast         Ice/Summ       #.......     100%        4    #####..
 Summon Lightning Spire   Summ/Air       #.......     100%        4    #####..
 Agony                    Necr           #.......     100%        5    ######.
 Alistair's Intoxication  Tmut/Pois      #.......     100%        5    ######.
 Aura of Abjuration       Summ           #.........   100%        5    ######.
 Blade Hands              Tmut           #.........   100%        5    ######.
 Bolt of Magma            Conj/Fire/Erth #.........   100%        5    ######.
 Borgnjor's Vile Clutch   Necr/Erth      #.........   100%        5    ######.
 Excruciating Wounds      Chrm/Necr      #.........   100%        5    ######.
 Fireball                 Conj/Fire      #.........   100%        5    ######.
 Irradiate                Conj/Tmut      #.........   100%        5    ######.
 Iskenderun's Battlesphe  Conj/Chrm      #.......     100%        5    ######.
 Lee's Rapid Deconstruct  Erth           #.........   100%        5    ######.
 Lightning Bolt           Conj/Air       #.........   100%        5    ######.
 Metabolic Englaciation   Hex/Ice        #.........   100%        5    ######.
 Silence                  Hex/Air        #.........   100%        5    ######.
 Summon Demon             Summ           #.........   100%        5    ######.
 Summon Mana Viper        Hex/Summ       #.......     100%        5    ######.
 Yara's Violent Unravell  Hex/Tmut       #.........   100%        5    ######.
 Conjure Ball Lightning   Conj/Air       #.........   100%        6    #######
 Darkness                 Hex            #.........   100%        6    #######
 Dispersal                Tloc           #.........   100%        6    #######
 Eringya's Noxious Bog    Tmut/Pois      #.........   100%        6    #######
 Freezing Cloud           Conj/Ice/Air   #.........   100%        6    #######
 Hydra Form               Tmut           #.........   100%        6    #######
 Invisibility             Hex            #.......     100%        6    #######
 Iron Shot                Conj/Erth      #.........   100%        6    #######
 Ozocubu's Refrigeration  Ice            #.........   100%        6    #######
 Shadow Creatures         Summ           N/A          100%        6    #######
 Simulacrum               Ice/Necr       #.........   100%        6    #######
 Starburst                Conj/Fire      #.........   100%        6    #######
 Dragon Form              Tmut           #.........   100%        7    #######
 Haunt                    Necr/Summ      #.........   100%        7    #######
 Orb of Destruction       Conj           #.........   100%        7    #######
 Ring of Flames           Chrm/Fire      #.........   100%        7    #######
 Spellforged Servitor     Conj/Summ      #.........   100%        7    #######
 Summon Hydra             Summ           #.........   100%        7    #######
 Borgnjor's Revivificati  Necr           #.........   100%        8    #######
 Controlled Blink         Tloc           N/A          100%        8    #######
 Death's Door             Chrm/Necr      #.........   100%        8    #######
 Discord                  Hex            #.........   100%        8    #######
 Disjunction              Tloc           #.........   100%        8    #######
 Ignition                 Fire           #.........   100%        8    #######
 Infestation              Necr           #.........   100%        8    #######
 Necromutation            Tmut/Necr      #.........   100%        8    #######
 Dragon's Call            Summ           #.........   100%        9    #######
 Tornado                  Air            #.........   100%        9    #######
 Sublimation of Blood     Necr           Unusable     N/A         2    N/A
 Statue Form              Tmut/Erth      Unusable     N/A         6    N/A

Dungeon Overview and Level Annotations

Branches:
Dungeon (15/15)            Temple (1/1) D:4            Lair (6/6) D:10
 Shoals (4/4) Lair:2        Snake (4/4) Lair:2        Slime (0/5) Lair:6
    Orc (2/2) D:11            Elf (3/3) Orc:2        Vaults (5/5) D:13
  Crypt (3/3) Vaults:3       Tomb (3/3) Crypt:3      Depths (5/5) D:15
   Hell (visited)             Dis (7/7) Hell            Geh (7/7) Hell
    Coc (7/7) Hell            Tar (7/7) Hell            Zot (0/5) Depths:5
Ossuary (visited)         Gauntlet (visited)

Altars:
Ashenzari
Dithmenos
Elyvilon
Fedhas
Gozag
Hepliaklqana
Kikubaaqudgha
Makhleb
Nemelex Xobeh
Okawaru
Qazlal
Ru
Sif Muna
Trog
Vehumet
Wu Jian
Yredelemnul
Zin
The Shining One

Shops:
D:9 *   D:10 ?   Orc:1 [   Orc:2 [%(!*   Elf:1 =}=   Elf:2 :   Shoals:1 [
Shoals:4 [:*!   Snake:1 [   Vaults:2 }   Vaults:4 :

Portals:
Hell: Depths:1 Depths:2 Depths:3 Depths:4 Depths:5
Abyss: Depths:3 Depths:4
Pandemonium: Depths:3 Depths:4
Ziggurat: Depths:4

Annotations:
D:3 1 runed translucent door, Esekla's ghost, weakling DEWn
Pan Lom Lobon


Innate Abilities, Weirdness & Mutations

You are resistant to torment.
Your stone body is resilient. (AC +20)
You are immune to poison.
Your large and strong wings let you fly indefinitely.
You resist negative energy. (rN+)
You are resistant to electric shocks. (rElec)
You can survive without breathing.
You are immune to petrification.
You are immune to rotting.
You are partially covered in thin metallic scales. (AC +2)
You often lose your temper in combat.
Scrolls take you a little longer to read.
You are clumsy. (Dex -2)
Your body sometimes deteriorates upon taking damage.
You are dopey. (Int -2)
You are extremely frail. (-30% HP)
You passively map a small area around you.
You occasionally shout uncontrollably at your foes.


Message History

Unknown command.
Unknown command.
Really read with blurry vision while enemies are nearby?
Okay, then.
Unknown command.
You are engulfed in raging winds.
Lom Lobon gestures at you.
Lom Lobon conjures a mighty blast of ice!
The great icy blast engulfs the ball lightning!!
The ball lightning partially resists.
The ball lightning explodes!
The blast of lightning engulfs the ball lightning.
The ball lightning completely resists.
The blast of lightning engulfs Lom Lobon.
Lom Lobon completely resists.
The great icy blast engulfs the ball lightning!!
The ball lightning partially resists.
The ball lightning explodes!
The great icy blast engulfs you!! You partially resist.
You die...

#≈≈≈≈≈≈≈≈....≈≈≈≈≈≈≈≈≈..
#≈≈≈≈≈≈.§.....≈≈≈≈≈≈≈≈≈.
#≈≈§§§§§§§§§§§°.≈≈≈≈≈≈..
#≈≈§§§§§§§°§*§§...≈≈....
#≈≈°§§§§§§○&*§§.........
#≈≈§○§§§§§§§°○§≈......⌠.
#≈≈°§§§§§§§§§§§≈≈≈≈≈....
#≈..§§§§§§○§§≈§≈≈≈≈≈≈...
#≈(§§°§@§§*°§§§≈≈≈≈≈≈≈≈.
#≈≈.§§§≈§§§§######≈≈≈≈≈≈
#≈°.§○☼§§#### ###≈≈≈≈
#≈°§§§§###,, ###≈≈
#≈○.°§## , , ≈ ,###
#≈..≈## #≈..≈#,, ≈ ≈ ,
#≈.(## , ≈ ≈ ≈≈
#≈..#...≈≈≈≈≈≈..≈≈≈≈ ≈,


You could see Lom Lobon (wandering, gusty) and 3 ball lightnings.

Vanquished Creatures
  Cerebov (Pan)
  Antaeus (Coc:7)
  Asmodeus (Geh:7)
  Gloorx Vloq (Pan)
  Ereshkigal (Tar:7)
  the Serpent of Hell (Geh:7)
  Dispater (Dis:7)
  Mara (Snake:3)
  3 ancient liches
  Mennas (Crypt:1)
  2 juggernauts (Depths:4)
  Sojobo (Depths:2)
  25 greater mummies
  Boris (Tomb:2)
  4 pandemonium lords (Pan)
  Saint Roka (Vaults:4)
  Bai Suzhen (Depths:2)
  Vashnia (Snake:2)
  Xtahua (Depths:3)
  3 shard shrikes (Coc:7)
  Geryon (Hell)
  5 golden dragons
  Jory (Depths:5)
  10 bone dragons
  2 hellephants (Abyss:3)
  29 Brimstone Fiends
  20 Tzitzimimeh
  4 iron giants
  8 doom hounds
  Jorgrun (D:13)
  11 Hell Sentinels
  Rupert (D:15)
  10 liches
  8 tentacled monstrosities
  22 Ice Fiends
  4 deep elf blademasters
  4 quicksilver dragons
  16 Executioners (Pan)
  5 deep elf master archers
  Polyphemus (Shoals:3)
  A sphinx (shapeshifter) (Vaults:5)
  12 titans
  12 sphinxes
  7 tentacled starspawn
  9 ancient champions
  Agnes (Snake:3)
  2 draconian monks (Depths:5)
  A storm dragon (shapeshifter) (Vaults:5)
  15 tengu reavers
  Kirke (D:13)
  Donald (Orc:2)
  6 storm dragons
  3 shadow dragons
  22 fire giants
  Ilsuiw (Shoals:3)
  4 revenants
  11 nagarajas
  11 deep elf sorcerers
  16 frost giants
  27 balrugs
  16 vault wardens
  13 iron dragons
  2 draconian shifters
  Aizul (Shoals:4)
  2 warmongers (Pan)
  8 deep elf elementalists
  6 cacodemons
  6 curse skulls
  An angel (Abyss:3)
  56 reapers
  5 spriggan defenders
  3 elemental wellsprings (Coc:7)
  An ophan (Abyss:3)
  12 ironheart preservers
  2 entropy weavers
  A draconian annihilator (Depths:5)
  25 stone giants
  16 very ugly things
  8 ghouls
  A juggernaut skeleton (Crypt:1)
  3 blood saints (Pan)
  31 war gargoyles
  11 deep elf demonologists
  5 green draconians (Depths:5)
  8 vampire knights
  Nessos (Orc:2)
  10 lorocyprocas (Pan)
  4 purple draconians
  6 corrupters (Pan)
  7 bennus
  14 deep elf annihilators
  8 black suns (Pan)
  2 yellow draconians
  A dire elephant (shapeshifter) (Vaults:5)
  36 large abominations
  11 spark wasps
  A red draconian (Depths:5)
  A white draconian (Hell)
  3 minotaurs
  11 ettins
  An ettin (shapeshifter) (Vaults:5)
  4 merfolk javelineers
  15 blizzard demons
  10 deep elf death magi
  15 green deaths
  2 eidola
  8 jiangshi
  23 mummy priests
  Snorg (D:13)
  2 spectral krakens (Tar:7)
  A kraken zombie (Coc:7)
  5 deep elf high priests
  13 fire dragons
  4 quicksilver dragon zombies
  Josephine (D:10)
  10 merfolk impalers
  Harold (D:8)
  4 rakshasas
  11 great orbs of eyes
  19 ice dragons
  18 yaktaur captains
  11 hydras
  A catoblepas (Shoals:3)
  Erica (Lair:2)
  5 quicksilver dragon skeletons
  A merfolk avatar (Shoals:4)
  A ghost crab (Abyss:3)
  27 naga warriors
  39 vault guards
  2 monstrous demonspawn (Pan)
  5 hell beasts
  11 anacondas
  5 spriggan air magi
  An anaconda (shapeshifter) (Vaults:5)
  3 death knights
  5 merfolk aquamancers
  18 centaur warriors
  5 tengu warriors
  31 dancing weapons
  2 peacekeepers (Elf:1)
  40 two-headed ogres
  An alligator snapping turtle (Shoals:4)
  26 death scarabs
  4 death yaks
  14 ogre magi
  A queen ant (Gauntlet)
  3 titan zombies
  8 vampire magi
  35 hell hogs
  9 deep troll shamans
  22 naga sharpshooters
  13 deep troll earth magi
  12 thrashing horrors (Abyss:3)
  9 shock serpents
  3 spriggan berserkers
  16 iron golems
  6 storm dragon zombies
  33 soul eaters
  Nergalle (D:10)
  29 deep elf knights
  Sonja (D:10)
  8 titan skeletons
  14 iron trolls
  11 wretched stars
  A spark wasp zombie (Hell)
  A fire crab (Abyss:3)
  14 sixfirhies
  104 skeletal warriors
  A sea snake (shapeshifter) (Vaults:2)
  5 storm dragon skeletons
  4 salamander mystics
  A spatial maelstrom (Abyss:3)
  42 sun demons
  10 sea snakes
  6 shadow wraiths
  59 hell knights
  4 anaconda zombies
  36 deep trolls
  An unseen horror (shapeshifter) (Vaults:3)
  9 gelid demonspawn
  30 shadow demons
  12 flayed ghosts
  9 naga ritualists
  4 infernal demonspawn
  3 ghost moth zombies
  A tengu zombie (Vaults:4)
  4 golden dragon zombies
  A torturous demonspawn (Pan)
  3 glowing orange brains
  4 wizards (Pan)
  Pikel (D:6)
  3 unseen horrors
  7 shadow dragon zombies
  An obsidian statue (Gauntlet)
  A swamp dragon (shapeshifter) (Vaults:1)
  7 wolf spider zombies
  19 phantasmal warriors
  9 golden dragon skeletons
  15 starcursed masses
  26 deep elf archers
  A death drake (Tar:7)
  24 necromancers
  12 frost giant zombies
  7 iron dragon zombies
  7 anaconda skeletons
  25 harpies
  7 shadow dragon skeletons
  8 orc knights
  21 ironbrand convokers
  5 fauns (Shoals:1)
  A manticore (shapeshifter) (Depths:4)
  15 mana vipers
  7 stone giant zombies
  4 wolf spiders
  14 manticores
  5 salamanders
  3 orc sorcerers
  A worldbinder (Abyss:3)
  6 fire giant zombies
  74 deep elf magi
  17 cyclopes
  2 moths of wrath (shapeshifter)
  27 ugly things
  6 stone giant skeletons
  5 elephants (Lair:2)
  Psyche (D:9)
  13 merfolk sirens
  8 guardian serpents
  4 dire elephant zombies
  12 frost giant skeletons
  2 black mambas (shapeshifter)
  9 iron dragon skeletons
  15 orange demons
  Maurice (D:10)
  A guardian serpent (shapeshifter) (Vaults:2)
  2 apocalypse crabs (Abyss:3)
  A shock serpent skeleton (Pan)
  31 smoke demons
  36 black mambas
  12 molten gargoyles (Geh:7)
  21 vault sentinels
  14 fire giant skeletons
  4 gargoyles (Crypt:3)
  An eye of devastation (Abyss:3)
  35 rust devils
  10 spectral swamp worms (Tar:7)
  2 catoblepas zombies
  3 water nymphs (Shoals:4)
  A torpor snail (Lair:2)
  A green draconian zombie (Crypt:2)
  A kobold demonologist (D:15)
  A yaktaur zombie (Hell)
  23 naga magi
  38 hellions
  6 rime drakes
  A rime drake (shapeshifter) (Vaults:5)
  6 centaur skeletons
  25 spiny frogs
  3 dire elephant skeletons
  A yaktaur (shapeshifter) (Vaults:5)
  3 storm dragon simulacra
  35 tormentors
  27 freezing wraiths
  2 komodo dragons
  5 ancient zymes (Abyss:3)
  A spark wasp simulacrum (Depths:2)
  2 yaktaur skeletons (Vaults:4)
  25 ice devils
  8 demonic crawlers
  A minotaur skeleton (Tomb:2)
  30 guardian mummies
  3 tengu conjurers
  A polar bear (shapeshifter) (Vaults:2)
  2 polar bears (D:14)
  3 silent spectres
  54 yaktaurs
  9 efreet
  A catoblepas skeleton (Geh:4)
  4 tyrant leeches (Lair:6)
  22 hellwings (Pan)
  11 hydra zombies
  18 trolls
  44 red devils
  A jumping spider (shapeshifter) (Depths:2)
  28 merfolk
  25 slime creatures
  A wind drake (shapeshifter) (Vaults:2)
  3 harpy zombies
  A queen bee (Depths:4)
  14 hydra skeletons
  2 harpy skeletons
  7 wind drakes
  5 hornets
  10 ettin zombies
  A frost giant simulacrum (Hell)
  22 raiju (Abyss:3)
  15 blink frogs
  6 alligator zombies
  13 dream sheep
  8 fire dragon zombies
  10 hippogriffs
  5 bog bodies
  3 stone giant simulacra
  6 ice dragon zombies
  5 spriggan zombies
  15 snapping turtles
  2 hippogriffs (shapeshifter)
  22 shadows
  19 water elementals
  3 spriggans
  106 flying skulls
  3 redbacks (Vaults:2)
  Eustachio (D:6)
  4 alligator skeletons
  21 ynoxinuls
  A tarantella (Vaults:1)
  4 wyverns
  13 fire dragon skeletons
  7 ettin skeletons
  2 ice dragon skeletons
  A spriggan (shapeshifter) (Vaults:1)
  27 wraiths
  A shock serpent simulacrum (Coc:7)
  24 fire elementals
  2 hogs (D:13)
  A yak (shapeshifter) (Vaults:1)
  21 ushabtiu
  5 vampires
  Grum (D:8)
  2 black mamba skeletons
  A hog (shapeshifter) (Vaults:1)
  A golden eye (shapeshifter) (Depths:3)
  3 steam dragons
  52 yaks
  2 basilisks
  A human (shapeshifter) (Vaults:5)
  A tyrant leech zombie (Crypt:2)
  3 fire bats
  5 vampire mosquitoes (Lair:6)
  10 hungry ghosts
  5 chaos spawn
  3 wargs
  13 neqoxecs
  Menkaure (D:5)
  A human simulacrum (Vaults:4)
  A spatial vortex (Abyss:3)
  2 acid dragons
  A two-headed ogre zombie (D:11)
  Edmund (D:4)
  83 nagas
  A monstrous demonspawn zombie (Crypt:1)
  A hydra simulacrum (Coc:7)
  6 soldier ants
  2 swamp worms (shapeshifter)
  11 water moccasins
  3 floating eyes
  58 hell hounds
  10 porcupines
  10 spiny frog zombies
  A torturous demonspawn skeleton (Crypt:1)
  A faun skeleton (Crypt:2)
  5 spiny frog skeletons
  An ettin simulacrum (Coc:7)
  36 orc warriors
  3 black bears
  An eye of draining (Abyss:3)
  A swamp dragon zombie (Crypt:1)
  7 ice beasts
  A lindwurm zombie (Crypt:1)
  An ice dragon simulacrum (Coc:7)
  12 phantoms
  7 sky beasts
  4 human zombies
  39 ogres
  An eye of draining (shapeshifter) (Vaults:1)
  17 necrophages
  6 snapping turtle zombies
  13 wolves
  5 manticore zombies
  16 centaurs
  2 manticore skeletons
  28 small abominations
  2 swamp dragon skeletons
  10 crocodiles
  A big kobold (shapeshifter) (Vaults:5)
  3 snapping turtle skeletons
  Blork the orc (D:6)
  3 big kobolds
  29 bullfrogs
  A wyvern zombie (Ossuary)
  6 elf zombies
  A spiny frog simulacrum (Hell)
  3 elf skeletons
  3 earth elementals
  3 scorpions
  A troll zombie (Tar:2)
  A water moccasin skeleton (D:6)
  An elf simulacrum (Vaults:2)
  33 killer bees
  A troll skeleton (Crypt:2)
  38 wights
  A vampire bat (Abyss:3)
  A howler monkey (D:8)
  2 electric eels (Lair:6)
  11 crimson imps
  8 hounds
  6 jellies
  6 quasits
  3 bullfrog zombies (Ossuary)
  6 centaur zombies
  14 orc priests
  A bullfrog skeleton (D:5)
  17 orc wizards
  23 iron imps
  5 human skeletons
  8 worker ants
  An iguana (D:7)
  2 killer bee zombies (Ossuary)
  A crocodile zombie (Crypt:1)
  A dwarf zombie (Crypt:2)
  7 ogre zombies (D:11)
  2 naga skeletons
  A tengu skeleton (Coc:7)
  5 hound zombies
  81 mummies
  A hound skeleton (D:8)
  A howler monkey zombie (D:6)
  2 worker ant zombies
  6 adders
  14 shadow imps
  15 white imps
  4 oozes
  4 adder zombies
  2 worms
  4 dart slugs
  4 leopard geckos
  75 orcs
  7 bats
  A bat zombie (Crypt:1)
  6 giant cockroaches
  3 goblins
  7 hobgoblins
  8 jackals
  4 quokkas
  A ball python (D:1)
  A ball python zombie (Crypt:1)
  6 frilled lizards
  A frilled lizard zombie (Crypt:2)
  A goblin skeleton (D:11)
  2 goblin zombies (D:11)
  2 hobgoblin skeletons (D:11)
  2 hobgoblin zombies (D:11)
  2 jackal zombies (Ossuary)
  18 kobolds
  A kobold skeleton (Tar:7)
  2 leopard gecko zombies
  8 orc skeletons
  13 orc zombies (D:11)
  2 quokka skeletons
  3 quokka zombies
  6 rats
  A river rat skeleton (Crypt:2)
  A crawling corpse (Vaults:5)
  A fungus (Lair:5)
  11 plants
  6 starspawn tentacles (Abyss:3)
  8 tentacles
4436 creatures vanquished.

Vanquished Creatures (collateral kills)
  A greater mummy (Tomb:3)
  An ancient champion (Tomb:3)
  A bennu (Tomb:3)
  A mummy priest (Tomb:3)
  A shambling mangrove (Abyss:3)
  2 skeletal warriors (Tomb:3)
  5 guardian mummies (Tomb:3)
  A hornet (Abyss:3)
  2 flying skulls (Tomb:3)
  7 ushabtiu (Tomb:3)
  2 mummies (Tomb:3)
24 creatures vanquished.

Vanquished Creatures (others)
  A Tzitzimitl (Pan)
  A kraken (Abyss:3)
  2 fire giants
  3 draconian annihilators (Pan)
  An elemental wellspring (Coc:7)
  A green draconian (Depths:5)
  A deep elf annihilator (Pan)
  An ettin (Vaults:5)
  2 hell hogs
  A deep elf knight (Elf:2)
  A sixfirhy (Pan)
  A stone giant zombie (Geh:7)
  An apocalypse crab (Abyss:3)
  3 smoke demons (Pan)
  A spiny frog (Lair:6)
  3 hellwings (Pan)
  3 flying skulls (Geh:7)
  A shadow (Geh:4)
  2 wraiths
  A human (D:13)
  A vampire mosquito (Lair:6)
  2 hell hounds (Geh:7)
  2 ogres
  A wight (Coc:2)
  A jelly (D:6)
  An orc priest (D:6)
  An iron imp (Dis:4)
  An orc wizard (D:6)
  A shadow imp (Tar:2)
  20 ball lightnings (Pan)
  2 orcs (D:6)
  A demonic plant (Abyss:3)
  22 fungi
  48 plants
  15 starspawn tentacles
  22 tentacles
  3 withered plants (Ossuary)
175 creatures vanquished.

Grand Total: 4635 creatures vanquished

Notes
Turn   | Place    | Note
-------+----------+-------------------------------------------
     0 | D:1      | shadizar the Gargoyle Fighter began the quest for the Orb.
     0 | D:1      | Reached XP level 1. HP: 14/14 MP: 1/1
   231 | D:1      | Reached XP level 2. HP: 19/19 MP: 2/2
   943 | D:2      | Reached XP level 3. HP: 22/24 MP: 3/3
   974 | D:2      | Reached skill level 4 in Fighting
  1249 | D:2      | Reached XP level 4. HP: 30/30 MP: 4/4
  2076 | D:3      | Reached XP level 5. HP: 34/34 MP: 5/5
  2205 | D:3      | Reached skill level 5 in Fighting
  2425 | D:3      | Found a basalt altar of Yredelemnul.
  2478 | D:3      | Found a runed translucent door.
  2479 | D:3      | Noticed Esekla's ghost (weakling DEWn)
  2657 | D:3      | Found a glowing golden altar of the Shining One.
  2855 | D:4      | Noticed an ogre
  3432 | D:4      | Found a stormy altar of Qazlal.
  3433 | D:4      | Found a shadowy altar of Dithmenos.
  3439 | D:5      | Entered Level 5 of the Dungeon
  3462 | D:5      | Found a sand-covered staircase.
  3477 | D:5      | Reached XP level 6. HP: 38/41 MP: 6/6
  3481 | Ossuary  | Entered an ossuary
  3531 | Ossuary  | Reached skill level 6 in Fighting
  3536 | Ossuary  | Reached skill level 5 in Maces & Flails
  3604 | Ossuary  | Reached XP level 7. HP: 15/47 MP: 7/7
  3947 | Ossuary  | Reached skill level 7 in Fighting
  4403 | D:5      | Reached XP level 8. HP: 46/53 MP: 8/8
  4456 | D:5      | Reached skill level 1 in Dodging
  4668 | D:5      | Noticed Menkaure
  4942 | D:5      | Got a wavering bone amulet
  5048 | D:5      | Killed Menkaure
  5282 | D:5      | Reached skill level 8 in Fighting
  5297 | D:5      | Reached XP level 9. HP: 48/59 MP: 9/9
  5417 | D:5      | Identified the amulet of Ovvoobi {Inacc Fragile rElec MR+
                  | Int+4} (You found it on level 5 of the Dungeon)
  5457 | D:6      | Noticed Eustachio
  5493 | D:4      | Noticed Edmund
  5512 | D:4      | Killed Edmund
  5512 | D:4      | Reached skill level 5 in Armour
  5512 | D:4      | Reached skill level 5 in Shields
  5717 | D:4      | Found a staircase to the Ecumenical Temple.
  5772 | Temple   | Entered the Ecumenical Temple
  5795 | Temple   | Became a worshipper of Warmaster Okawaru
  5921 | D:4      | You fall into a shaft and drop 3 floors!
  6292 | D:6      | Noticed Pikel
  6327 | D:6      | Killed Pikel
  6327 | D:6      | Reached * piety under Okawaru
  6416 | D:6      | Noticed Blork the orc
  6438 | D:6      | Killed Blork the orc
  6535 | D:6      | Killed Eustachio
  6535 | D:6      | Reached skill level 9 in Fighting
  6535 | D:6      | Reached skill level 1 in Invocations
  6535 | D:6      | Reached XP level 10. HP: 66/66 MP: 10/10
  7494 | D:7      | Noticed a two-headed ogre
  7498 | D:7      | Reached ** piety under Okawaru
  7506 | D:7      | Killed a two-headed ogre
  7740 | D:7      | Reached *** piety under Okawaru
  8035 | D:8      | Found a large runed translucent door.
  8067 | D:8      | Found a large runed translucent door.
  8068 | D:8      | Noticed a manticore
  8102 | D:8      | Killed a manticore
  8104 | D:8      | Found a large runed translucent door.
  8104 | D:8      | Found a large runed translucent door.
  8109 | D:8      | Got an ebony battleaxe
  8277 | D:8      | Noticed Harold
  8306 | D:8      | Noticed Grum
  8313 | D:8      | Killed Harold
  8313 | D:8      | Reached **** piety under Okawaru
  8313 | D:8      | Reached skill level 5 in Dodging
  8313 | D:8      | Reached XP level 11. HP: 55/72 MP: 12/14
  8357 | D:8      | Killed Grum
  8657 | D:8      | Reached skill level 10 in Fighting
  8845 | D:8      | Identified the Tome of Flying Companions
  8929 | D:8      | Noticed a two-headed ogre
  8938 | D:8      | Killed a two-headed ogre
  9162 | D:8      | Reached ***** piety under Okawaru
  9182 | D:8      | Noticed a centaur warrior
  9188 | D:8      | Killed a centaur warrior
  9266 | D:8      | Identified the cursed +2 battleaxe of Jaotifoj {protect,
                  | rPois Dex+3} (You found it on level 8 of the Dungeon)
  9415 | D:9      | Found Ohain's Assorted Antiques.
  9565 | D:9      | Bought a runed kite shield for 240 gold pieces
  9691 | D:9      | Noticed Psyche
  9697 | D:9      | Reached skill level 5 in Invocations
  9702 | D:9      | Killed Psyche
  9941 | D:10     | Entered Level 10 of the Dungeon
 10045 | D:10     | Reached skill level 1 in Axes
 10093 | D:10     | Found a staircase to the Lair.
 10463 | D:10     | Found Hito's Magic Scroll Shoppe.
 10578 | D:10     | Noticed Maurice
 10586 | D:10     | Paralysed by something for 3 turns
 10604 | D:10     | Killed Maurice
 10640 | D:10     | Noticed Nergalle
 10678 | D:10     | Killed Nergalle
 10830 | D:10     | Noticed Sonja
 10858 | D:10     | Killed Sonja
 10858 | D:10     | Received a gift from Okawaru
 10858 | D:10     | Reached XP level 12. HP: 74/79 MP: 9/16
 10997 | D:10     | Noticed Josephine
 11013 | D:10     | Killed Josephine
 11191 | Lair:1   | Entered Level 1 of the Lair of Beasts
 11201 | Lair:1   | Found a gate leading to a gauntlet.
 11260 | Gauntlet | Entered a Gauntlet
 11260 | Gauntlet | Found a transporter.
 11260 | Gauntlet | Found a large runed translucent door.
 11260 | Gauntlet | Found a large runed translucent door.
 11260 | Gauntlet | Found a large runed translucent door.
 11260 | Gauntlet | Found a large runed translucent door.
 11260 | Gauntlet | Found a runed translucent door.
 11260 | Gauntlet | Found a runed translucent door.
 11260 | Gauntlet | Found a large runed translucent door.
 11260 | Gauntlet | Found a large runed translucent door.
 11260 | Gauntlet | Found a large runed translucent door.
 11260 | Gauntlet | Found a large runed translucent door.
 11260 | Gauntlet | Found a large runed translucent door.
 11260 | Gauntlet | Found a large runed translucent door.
 11262 | Gauntlet | Found a large runed translucent door.
 11262 | Gauntlet | Found a large runed translucent door.
 11263 | Gauntlet | Found a large runed translucent door.
 11263 | Gauntlet | Found a large runed translucent door.
 11263 | Gauntlet | Found a large runed translucent door.
 11263 | Gauntlet | Found a large runed translucent door.
 11270 | Gauntlet | Noticed a queen ant
 11273 | Gauntlet | Found a transporter.
 11291 | Gauntlet | Found a transporter.
 11299 | Gauntlet | Found a transporter.
 11323 | Gauntlet | Found a transporter.
 11336 | Gauntlet | Noticed a reaper
 11337 | Gauntlet | Found a transporter.
 11369 | Gauntlet | Found a transporter.
 11375 | Gauntlet | Found a transporter.
 11377 | Gauntlet | Found a transporter.
 11403 | Gauntlet | Found a transporter.
 11409 | Gauntlet | Found a transporter.
 11413 | Gauntlet | Found a transporter.
 11437 | Gauntlet | Found a transporter.
 11446 | Gauntlet | Found a transporter.
 11447 | Gauntlet | Found a transporter.
 11450 | Gauntlet | Found a transporter.
 11471 | Gauntlet | Found a transporter.
 11471 | Gauntlet | Noticed a hell beast
 11479 | Gauntlet | Found a transporter.
 11553 | Gauntlet | Found a runed translucent gate.
 11553 | Gauntlet | Found a runed translucent gate.
 11553 | Gauntlet | Found a runed translucent gate.
 11674 | Gauntlet | Killed a queen ant
 11690 | Gauntlet | Got a sparkling glass ring
 11743 | Gauntlet | Noticed a sun demon
 11750 | Gauntlet | Got a faintly glowing granite ring
 11776 | Gauntlet | Identified the ring "Cunk" {rPois rF- rC+ rN+} (You found
                  | it in a Gauntlet)
 11778 | Gauntlet | Identified the ring of Aron {rF+ Dex+2} (You found it in a
                  | Gauntlet)
 11834 | Gauntlet | Identified the cursed +1 long sword of Kaezue Yvep {freeze,
                  | rElec rC+ MP+9}
 11834 | Gauntlet | Identified the ring "Asoli" {*Tele MR+ Dex+3}
 11834 | Gauntlet | Noticed a minotaur
 11865 | Gauntlet | Killed a minotaur
 11865 | Gauntlet | Reached skill level 11 in Fighting
 11876 | Gauntlet | Got a brightly glowing lajatang
 12125 | Lair:1   | Identified the +6 lajatang of the Crushing Madman {vorpal,
                  | MR+ Int+2} (You found it in a Gauntlet)
 13071 | Lair:2   | Received a gift from Okawaru
 13086 | Lair:2   | Got a pair of dazzling gloves {god gift}
 13098 | Lair:2   | Noticed a seven-headed hydra
 13099 | Lair:2   | Noticed a death yak
 13100 | Lair:2   | Noticed a death yak
 13104 | Lair:1   | Reached XP level 13. HP: 43/84 MP: 18/18
 13133 | Lair:1   | Reached skill level 10 in Armour
 13342 | Lair:1   | Identified the +1 pair of gloves of Poupli {rPois rC+ rN+}
                  | (Okawaru gifted it to you on level 2 of the Lair of Beasts)
 13362 | Lair:2   | Reached skill level 10 in Shields
 13388 | Lair:2   | Noticed Erica
 13417 | Lair:2   | Reached skill level 5 in Axes
 13426 | Lair:2   | Killed Erica
 13601 | Lair:2   | Found a staircase to the Shoals.
 13668 | Lair:2   | Found a staircase to the Snake Pit.
 14866 | Lair:4   | Reached ****** piety under Okawaru
 14898 | Lair:4   | Reached skill level 12 in Fighting
 15019 | Lair:4   | Received a gift from Okawaru
 15489 | Lair:4   | Found a basalt altar of Yredelemnul.
 16574 | Lair:6   | Entered Level 6 of the Lair of Beasts
 16803 | Lair:6   | Found a staircase to the Slime Pits.
 16968 | Lair:6   | Gained mutation: Your large and strong wings let you fly
                  | indefinitely. [Gargoyle growth]
 16968 | Lair:6   | Reached XP level 14. HP: 75/92 MP: 20/20
 17958 | Lair:6   | Received a gift from Okawaru
 18668 | Lair:6   | Found a white marble altar of Elyvilon.
 19232 | D:11     | Found a staircase to the Orcish Mines.
 19843 | Orc:1    | Entered Level 1 of the Orcish Mines
 20398 | Orc:1    | Found Omuac's Armour Boutique.
 20655 | Orc:2    | Entered Level 2 of the Orcish Mines
 20655 | Orc:2    | Noticed Nessos
 20678 | Orc:2    | Killed Nessos
 20678 | Orc:2    | Received a gift from Okawaru
 20678 | Orc:2    | Reached skill level 10 in Invocations
 20868 | Orc:2    | Found Ibbiorum's Mass Market.
 20879 | Orc:2    | Bought the +11 tower shield "Rualatih" {Int+4} for 973 gold
                  | pieces
 21040 | Orc:2    | Found a staircase to the Elven Halls.
 21125 | Orc:2    | Noticed Donald
 21167 | Orc:2    | Killed Donald
 21167 | Orc:2    | Reached skill level 13 in Fighting
 21227 | Orc:2    | Reached XP level 15. HP: 78/98 MP: 22/22
 21357 | Orc:2    | Received a gift from Okawaru
 21361 | Orc:2    | Got a bloodstained scimitar {god gift}
 21405 | Orc:2    | Identified the +1 scimitar "Ciodeij" {flame, rPois rF-
                  | MR+++ Str+3} (Okawaru gifted it to you on level 2 of the
                  | Orcish Mines)
 21714 | Orc:2    | Found Qyim's Food Boutique.
 21719 | Orc:2    | Found Mawuutos's Antique Armour Shop.
 21720 | Orc:2    | Found Kuefugho's Antique Weapon Shoppe.
 21743 | Orc:2    | Found Getenaad's Distillery.
 22259 | D:12     | Received a gift from Okawaru
 23007 | D:13     | Noticed Snorg
 23020 | D:13     | Killed Snorg
 23412 | D:13     | Noticed Jorgrun
 23432 | D:13     | Killed Jorgrun
 23816 | D:13     | Got a transparent long sword
 23903 | D:13     | Reached XP level 16. HP: 105/105 MP: 23/23
 23913 | D:13     | Noticed Kirke
 23914 | D:13     | Received a gift from Okawaru
 23925 | D:13     | Reached skill level 14 in Fighting
 23937 | D:13     | Killed Kirke
 23970 | D:13     | Got a brightly glowing chain mail {god gift}
 23974 | D:13     | Found a gate to the Vaults.
 24194 | D:13     | Identified the +10 long sword of Broken Luck {flame, rF+
                  | Dex+3} (You found it on level 13 of the Dungeon)
 24208 | D:13     | Identified the +4 chain mail of Cacosob {rElec Int+4}
                  | (Okawaru gifted it to you on level 13 of the Dungeon)
 24254 | D:14     | Reached skill level 1 in Long Blades
 24268 | D:14     | Reached skill level 10 in Dodging
 24319 | D:14     | Found a flickering gateway to a bazaar.
 24334 | Bazaar   | Entered a bazaar
 24437 | Bazaar   | Found Xys Zinu's Book Boutique.
 24458 | Bazaar   | Found Amittuecog's Book Boutique.
 24458 | Bazaar   | Found Fonur's Book Boutique.
 24483 | Bazaar   | Found Onang's Magic Scroll Shop.
 24689 | D:14     | Found a bloodstained altar of Trog.
 24847 | D:14     | Identified Izyetzod's Reference Book on Transmutation
 25120 | D:15     | Entered Level 15 of the Dungeon
 25417 | D:15     | Found a hazy altar of Hepliaklqana.
 25475 | D:15     | Noticed Rupert
 25490 | D:15     | Killed Rupert
 25870 | D:15     | Reached skill level 5 in Long Blades
 26104 | D:15     | Found a staircase to the Depths.
 26504 | Snake:1  | Entered Level 1 of the Snake Pit
 26513 | Snake:1  | Received a gift from Okawaru
 27383 | Snake:1  | Received a gift from Okawaru
 27448 | Snake:1  | Reached skill level 10 in Long Blades
 27603 | Snake:1  | Reached XP level 17. HP: 112/112 MP: 24/24
 27674 | Snake:1  | Found Bahikhoq's Armour Shoppe.
 28367 | Snake:2  | Received a gift from Okawaru
 28474 | Snake:2  | Got a fine hat {god gift}
 28488 | Snake:2  | Identified the +0 hat of Charity {*Corrode MR++ Slay+4
                  | Stlth+} (Okawaru gifted it to you on level 2 of the Snake
                  | Pit)
 28654 | Snake:2  | Noticed Vashnia
 28693 | Snake:2  | Killed Vashnia
 28985 | Snake:2  | Found a transporter.
 28988 | Snake:2  | Found a radiant altar of Vehumet.
 29052 | Snake:2  | Found a glowing golden altar of the Shining One.
 29135 | Snake:2  | Identified the amulet of Qecarewe {Reflect *Drain rF+ rC++
                  | SH+5 Stlth+}
 29397 | Snake:2  | Received a gift from Okawaru
 29455 | Snake:2  | Reached skill level 15 in Fighting
 29507 | Snake:2  | Found a transporter.
 29772 | Snake:3  | Reached XP level 18. HP: 67/119 MP: 25/25
 30186 | Snake:3  | Received a gift from Okawaru
 30198 | Snake:3  | Got a steaming falchion {god gift}
 30341 | Snake:3  | Noticed Mara
 30369 | Snake:3  | Noticed shadizar's illusion
 30424 | Snake:3  | Noticed shadizar's illusion
 30693 | Snake:3  | Noticed shadizar's illusion
 30719 | Snake:3  | Killed Mara
 30900 | Snake:3  | Reached skill level 16 in Fighting
 30955 | Snake:3  | Noticed Agnes
 30968 | Snake:3  | Killed Agnes
 31393 | Snake:4  | Entered Level 4 of the Snake Pit
 31507 | Snake:4  | Received a gift from Okawaru
 31848 | Snake:4  | Reached skill level 15 in Armour
 32039 | Snake:4  | Reached skill level 15 in Shields
 32222 | Snake:4  | Reached skill level 17 in Fighting
 32376 | Snake:4  | Reached XP level 19. HP: 126/128 MP: 26/26
 32526 | Snake:4  | Got a serpentine rune of Zot
 32943 | Shoals:1 | Entered Level 1 of the Shoals
 32977 | Shoals:1 | Received a gift from Okawaru
 33331 | Shoals:1 | Found Beisau's Antique Armour Shoppe.
 33339 | Shoals:1 | Bought a pair of glowing boots for 270 gold pieces
 33339 | Shoals:1 | Bought a pair of embroidered boots for 270 gold pieces
 33360 | Shoals:1 | Identified a +1 pair of boots of running (You bought it in
                  | a shop on level 1 of the Shoals)
 34873 | Shoals:3 | Noticed Polyphemus
 34899 | Shoals:3 | Killed Polyphemus
 34899 | Shoals:3 | Reached skill level 18 in Fighting
 35058 | Shoals:3 | Noticed Ilsuiw
 35122 | Shoals:3 | Killed Ilsuiw
 35604 | Shoals:4 | Entered Level 4 of the Shoals
 35621 | Shoals:4 | Found Rivver's Book Boutique.
 35625 | Shoals:4 | Noticed Aizul
 35643 | Shoals:4 | Killed Aizul
 35648 | Shoals:4 | Received a gift from Okawaru
 35661 | Shoals:4 | Got an amber-encrusted plate armour {god gift}
 35714 | Shoals:4 | Identified the +8 plate armour of the Vestibule of Hell
                  | {+Blink rElec} (Okawaru gifted it to you on level 4 of the
                  | Shoals)
 35872 | Shoals:4 | Identified the amulet of the Butterfly {Reflect rF+ Str-4
                  | Int+3 Slay+2 SH+5}
 36212 | Shoals:4 | Reached skill level 15 in Long Blades
 36249 | Shoals:4 | Found Feje's Armour Shop.
 37178 | Shoals:4 | Found Ariof's Distillery.
 37380 | Shoals:4 | Found Deongoto's Assorted Antiques.
 37729 | Shoals:4 | Reached XP level 20. HP: 134/137 MP: 27/27
 38009 | Shoals:4 | Got a barnacled rune of Zot
 38321 | Elf:1    | Entered Level 1 of the Elven Halls
 38497 | Elf:1    | Received a gift from Okawaru
 38505 | Elf:1    | Got a brightly glowing war axe {god gift}
 38506 | Elf:1    | Found a portal to a secret trove of treasure.
 38601 | Elf:1    | Found a ruined gateway.
 38688 | Elf:1    | Identified the Collected Works on the Escort
 38881 | Elf:1    | Found Assug's Jewellery Shoppe.
 38882 | Elf:1    | Found Zeugimer's Gadget Boutique.
 38884 | Elf:1    | Found Nenesy's Jewellery Shoppe.
 38967 | Elf:1    | Reached skill level 19 in Fighting
 39806 | Elf:2    | Found a runed translucent gate.
 39808 | Elf:2    | Found a runed translucent gate.
 39809 | Elf:2    | Found a runed translucent gate.
 39883 | Elf:2    | Received a gift from Okawaru
 39888 | Elf:2    | Got a brightly glowing scimitar {god gift}
 40144 | Elf:2    | Found Vaucen's Book Shop.
 40752 | Elf:3    | Entered Level 3 of the Elven Halls
 40810 | Elf:3    | Received a gift from Okawaru
 41166 | Elf:3    | Reached XP level 21. HP: 134/144 MP: 28/28
 41472 | Elf:3    | Gained mutation: You are partially covered in thin metallic
                  | scales. (AC +2) [a cacodemon]
 41474 | Elf:3    | Gained mutation: You passively map a small area around you.
                  | [a cacodemon]
 41665 | Elf:3    | Identified the ring "Reamm" {rF+ MR- Int+6 SInv}
 41672 | Elf:3    | Identified the cursed +1 leather armour of an ice cave
                  | {rC+}
 41755 | Elf:3    | Identified the +4 falchion of the Shimmering Pariah {vamp,
                  | rPois} (Okawaru gifted it to you on level 3 of the Snake
                  | Pit)
 41756 | Elf:3    | Identified the +12 scimitar of Egalitarianism {antimagic,
                  | SInv} (Okawaru gifted it to you on level 2 of the Elven
                  | Halls)
 41757 | Elf:3    | Identified the +2 war axe of the Hummingbird {freeze, rF+
                  | rN+} (Okawaru gifted it to you on level 1 of the Elven
                  | Halls)
 41829 | Elf:3    | Received a gift from Okawaru
 41832 | Elf:3    | Got a pair of spiked boots {god gift}
 41857 | Elf:3    | Identified the +0 pair of boots of Dramatic Exits {rC+ MR+}
                  | (Okawaru gifted it to you on level 3 of the Elven Halls)
 42249 | Elf:3    | Reached skill level 20 in Fighting
 42402 | Elf:3    | Got a scorched hunting sling
 42482 | Elf:3    | Identified the Guide on Snow
 42571 | Elf:3    | Identified the +11 hunting sling of Evisceration {vorpal,
                  | Dex+2} (You found it on level 3 of the Elven Halls)
 42801 | Vaults:1 | Entered Level 1 of the Vaults
 43119 | Vaults:1 | Received a gift from Okawaru
 43611 | Vaults:1 | Reached XP level 22. HP: 145/152 MP: 9/29
 44780 | Vaults:2 | Identified a scroll of acquirement
 45098 | Vaults:2 | Found Jiqetzowo's Gadget Shop.
 45439 | Vaults:2 | Received a gift from Okawaru
 46195 | Vaults:2 | You are sucked into a shaft and drop 2 floors!
 46459 | Vaults:4 | Noticed Saint Roka
 46502 | Vaults:4 | Killed Saint Roka
 46613 | Vaults:4 | Reached XP level 23. HP: 67/159 MP: 10/30
 47534 | Vaults:4 | Reached skill level 21 in Fighting
 47626 | Vaults:4 | Received a gift from Okawaru
 47831 | Vaults:3 | Found a staircase to the Crypt.
 48862 | Vaults:3 | You are sucked into a shaft and drop 1 floor!
 49022 | Vaults:3 | Received a gift from Okawaru
 50031 | Vaults:4 | Found Laifaesu's Book Emporium.
 50379 | Vaults:5 | Entered Level 5 of the Vaults
 50388 | Vaults:5 | Identified the cursed +2 mace of the Brain {speed, rN+
                  | Int+4 Stlth+}
 50406 | Vaults:5 | Noticed a golden dragon
 50449 | Vaults:5 | Cast into level 3 of the Abyss (tengu reaver)
 50474 | Abyss:3  | Found a corrupted altar of Lugonu.
 50682 | Vaults:5 | Escaped the Abyss
 50699 | Vaults:5 | Reached XP level 24. HP: 117/166 MP: 0/30
 50778 | Vaults:5 | Received a gift from Okawaru
 50975 | Vaults:5 | Noticed an ancient lich
 50991 | Vaults:5 | Killed an ancient lich
 51078 | Vaults:5 | Identified the cursed +1 war axe of Light {vorpal, +Rage
                  | rC+ Str+3 Int-3}
 51113 | Vaults:5 | Identified the cursed +1 leather armour of Proximity {*Slow
                  | rN+ Stlth+}
 51368 | Vaults:5 | Identified the +2 shortbow of the Hungering Stork {freeze,
                  | rC++}
 51400 | Vaults:5 | Identified the +5 trident "Bearus" {drain, rPois}
 51521 | Vaults:5 | Identified the cursed +2 demon whip of Zunonall {vorpal,
                  | *Drain +Inv MR+++ MP+9}
 51901 | Vaults:5 | Got a slimy glass ring
 51910 | Vaults:5 | Got a silver rune of Zot
 52011 | Vaults:5 | Received a gift from Okawaru
 52014 | Vaults:5 | Got a smoking long sword {god gift}
 52675 | Vaults:5 | Reached skill level 22 in Fighting
 52887 | Vaults:5 | Identified the ring of Immorality {rPois rC+++ rN+ MR+
                  | Dex-2} (You found it on level 5 of the Vaults)
 52888 | Vaults:5 | Identified the +10 long sword "Ojafis" {freeze, *Drain
                  | +Blink rPois Int+4} (Okawaru gifted it to you on level 5 of
                  | the Vaults)
 53186 | Elf:1    | You paid a toll of 2 scrolls of acquirement to enter a
                  | treasure trove
 53187 | Trove    | Entered a treasure trove
 53199 | Trove    | Got a pitted brass amulet
 53223 | Trove    | Got a transparent ring mail
 53231 | Trove    | Got an ancient cloak
 53256 | Elf:1    | Identified the amulet "Elimoeku" {rC+ Regen+ Str+6} (You
                  | found it in a treasure trove)
 53280 | Elf:1    | Identified the cursed +1 ring mail "Fueday" {MP+9 Int+3}
                  | (You found it in a treasure trove)
 53302 | Elf:1    | Identified the +1 cloak of the Ecumenical Temple {Dex+4}
                  | (You found it in a treasure trove)
 53494 | Depths:1 | Entered Level 1 of the Depths
 53638 | Depths:1 | Found a gateway to Hell.
 53681 | Depths:1 | Reached XP level 25. HP: 76/173 MP: 5/30
 54260 | Depths:1 | Got a faintly glowing battleaxe
 54395 | Depths:1 | Received a gift from Okawaru
 54711 | Depths:2 | Noticed Bai Suzhen
 54722 | Depths:2 | Killed Bai Suzhen
 55489 | Depths:2 | Found a shattered altar of Ashenzari.
 55932 | Depths:2 | Noticed Sojobo
 55947 | Depths:2 | Killed Sojobo
 55947 | Depths:2 | Received a gift from Okawaru
 56316 | Depths:3 | Found a one-way gate to the infinite horrors of the Abyss.
 56526 | Depths:3 | Received a gift from Okawaru
 56582 | Depths:3 | Received a gift from Okawaru
 56628 | Depths:3 | Got a brightly glowing long sword {god gift}
 56632 | Depths:3 | Identified the Papyrus of Evil Secrets
 56797 | Depths:3 | Noticed Xtahua
 56811 | Depths:3 | Killed Xtahua
 57170 | Depths:3 | Found a one-way gate leading to the halls of Pandemonium.
 57445 | Depths:4 | Reached XP level 26. HP: 156/180 MP: 10/30
 57729 | Depths:4 | Received a gift from Okawaru
 57734 | Depths:4 | Got a steaming spear {god gift}
 57988 | Depths:4 | Found a runed translucent door.
 58796 | Depths:4 | Identified the +12 glaive of Imbalance {vorpal, MR+}
 58831 | Depths:4 | Noticed a juggernaut
 58875 | Depths:4 | Killed a juggernaut
 58944 | Depths:4 | Noticed a juggernaut
 58963 | Depths:4 | Killed a juggernaut
 59013 | Depths:4 | Reached skill level 23 in Fighting
 59090 | Depths:4 | Identified the +1 plate armour of the Six Places {rCorr}
 59122 | Depths:4 | Received a gift from Okawaru
 59130 | Depths:4 | Got a distressingly furry kite shield {god gift}
 59681 | D:3      | Fell from the grace of Okawaru
 59681 | D:3      | Became a worshipper of the Shining One
 60208 | Depths:4 | Paralysed by a floating eye for 2 turns
 60253 | Depths:4 | Found a gateway to a ziggurat.
 60574 | Depths:4 | Identified the Incunabulum of Displaced Hexes
 60795 | Depths:5 | Entered Level 5 of the Depths
 60956 | Depths:5 | Reached * piety under the Shining One
 61801 | Depths:5 | Reached ** piety under the Shining One
 61814 | Depths:5 | Reached XP level 27. HP: 172/188 MP: 10/30
 61864 | Depths:5 | Identified the +3 kite shield "Caaz" {rF+ Dex+3} (Okawaru
                  | gifted it to you on level 4 of the Depths)
 61868 | Depths:5 | Identified the +5 spear of Disarray {vorpal, rN+ Str+4
                  | Dex-4} (Okawaru gifted it to you on level 4 of the Depths)
 61869 | Depths:5 | Identified the +1 long sword "Reaniy" {flame, SInv}
                  | (Okawaru gifted it to you on level 3 of the Depths)
 61870 | Depths:5 | Identified the +1 battleaxe "Muhupteq" {vorpal, +Inv Int+4}
                  | (You found it on level 1 of the Depths)
 63196 | Depths:5 | Found a gate to the Realm of Zot.
 63278 | Depths:5 | Noticed Jory
 63301 | Depths:5 | Killed Jory
 63463 | Hell     | Entered the Vestibule of Hell
 63476 | Hell     | Reached *** piety under the Shining One
 63486 | Hell     | Reached skill level 15 in Dodging
 63644 | Hell     | Found a gateway to the Iron City of Dis.
 63817 | Hell     | Reached **** piety under the Shining One
 63929 | Hell     | Noticed Geryon
 63988 | Hell     | Killed Geryon
 63999 | Hell     | Reached ***** piety under the Shining One
 64471 | Hell     | Found a gateway to the decaying netherworld of Tartarus.
 64485 | Hell     | Was forgiven by Okawaru
 64794 | Hell     | Found a gateway to the freezing wastes of Cocytus.
 64916 | Hell     | Found a gateway to the ashen valley of Gehenna.
 65100 | Dis:1    | Entered Level 1 of the Iron City of Dis
 65119 | Dis:1    | Reached ****** piety under the Shining One
 65156 | Dis:1    | Identified a +8 eudemon blade of holy wrath (a +6 demon
                  | blade of freezing blessed by the Shining One)
 65156 | Dis:1    | Received a gift from the Shining One
 66645 | Dis:7    | Entered Level 7 of the Iron City of Dis
 66885 | Dis:7    | Reached skill level 24 in Fighting
 68019 | Dis:7    | Got a steaming bone amulet
 68481 | Dis:7    | Identified the +4 staff of Dispater
 68481 | Dis:7    | Noticed Dispater
 68524 | Dis:7    | Killed Dispater
 68881 | Dis:7    | Got an iron rune of Zot
 68886 | Dis:7    | Identified the Volume of Flight and Black Arts
 69070 | Hell     | Identified the amulet of the Ancients {Spirit Str+2} (You
                  | found it on level 7 of the Iron City of Dis)
 69102 | Coc:1    | Entered Level 1 of Cocytus
 69540 | Coc:7    | Entered Level 7 of Cocytus
 69558 | Coc:7    | Noticed Antaeus
 69586 | Coc:7    | Killed Antaeus
 69679 | Coc:7    | Got an icy rune of Zot
 70170 | Coc:7    | Found the +2 ratskin cloak {+Rats rPois rN+ Str-1 Int-1
                  | Dex+1}
 70625 | Coc:7    | Reached skill level 25 in Fighting
 70762 | Tar:1    | Entered Level 1 of Tartarus
 70991 | Tar:2    | Reached skill level 15 in Invocations
 71370 | Tar:7    | Entered Level 7 of Tartarus
 72136 | Tar:7    | Noticed Ereshkigal
 72163 | Tar:7    | Killed Ereshkigal
 72222 | Tar:7    | Got a bone rune of Zot
 73649 | Geh:1    | Entered Level 1 of Gehenna
 74457 | Geh:5    | Reached skill level 26 in Fighting
 74587 | Geh:7    | Entered Level 7 of Gehenna
 74713 | Geh:7    | Noticed the Serpent of Hell
 74736 | Geh:7    | Killed the Serpent of Hell
 76021 | Geh:7    | Identified the +7 sceptre of Asmodeus
 76021 | Geh:7    | Noticed Asmodeus
 76056 | Geh:7    | Killed Asmodeus
 76095 | Geh:7    | Got an obsidian rune of Zot
 76483 | Depths:4 | Voluntarily entered the Abyss.
 76498 | Abyss:1  | Got a bronze plate armour
 76795 | Abyss:3  | Found a corrupted altar of Lugonu.
 76831 | Abyss:3  | Gained mutation: You are frail. (-10% HP) [a cacodemon]
 77870 | Abyss:3  | Gained mutation: You tend to lose your temper in combat. [a
                  | neqoxec]
 77917 | Abyss:3  | Gained mutation: Your body often deteriorates upon taking
                  | damage. [a neqoxec]
 77942 | Abyss:3  | Gained mutation: You are very frail. (-20% HP) [a neqoxec]
 77959 | Abyss:3  | Found a blossoming altar of Fedhas.
 78045 | Abyss:3  | Gained mutation: You are clumsy. (Dex -2) [a cacodemon]
 78097 | Abyss:3  | Reached skill level 27 in Fighting
 78134 | Abyss:3  | Got an abyssal rune of Zot
 78189 | Abyss:3  | Found a stormy altar of Qazlal.
 78307 | Depths:4 | Escaped the Abyss
 78331 | Depths:4 | Identified the +6 plate armour of Spite {rElec Slay-3 SInv}
                  | (You found it on level 1 of the Abyss)
 78752 | Crypt:1  | Entered Level 1 of the Crypt
 79185 | Crypt:1  | Noticed Mennas
 79225 | Crypt:1  | Killed Mennas
 80112 | Crypt:3  | Entered Level 3 of the Crypt
 80328 | Crypt:3  | Got a smoking ivory ring
 80692 | Crypt:3  | Identified Fieptuq's Papyrus of Lucky Shape Shifting
 80790 | Crypt:3  | Found a staircase to the Tomb.
 80890 | Crypt:3  | Noticed an ancient lich
 80898 | Crypt:3  | Killed an ancient lich
 81082 | Crypt:3  | Found the cursed +13 scythe of Curses {drain, *Curse}
 81768 | Tomb:1   | Entered Level 1 of the Tomb of the Ancients
 81837 | Tomb:1   | Got a glimmering flail
 82172 | Tomb:1   | Noticed a greater mummy
 82215 | Tomb:1   | Killed a greater mummy
 82309 | Tomb:1   | Gained mutation: You occasionally shout uncontrollably at
                  | your foes. [mutagenic glow]
 82794 | Tomb:2   | Noticed a greater mummy
 82794 | Tomb:2   | Noticed Boris
 82802 | Tomb:2   | Noticed a greater mummy
 82803 | Tomb:2   | Killed a greater mummy
 82803 | Tomb:2   | Noticed a greater mummy
 82805 | Tomb:2   | Noticed an ancient lich
 82811 | Tomb:2   | Killed Boris
 82866 | Tomb:2   | Killed a greater mummy
 82870 | Tomb:2   | Killed a greater mummy
 82873 | Tomb:2   | Killed an ancient lich
 83391 | Tomb:1   | Noticed a greater mummy
 83391 | Tomb:1   | Noticed a greater mummy
 83392 | Tomb:1   | Noticed a greater mummy
 83398 | Tomb:1   | Killed a greater mummy
 83398 | Tomb:1   | Noticed a greater mummy
 83405 | Tomb:1   | Killed a greater mummy
 83425 | Tomb:1   | Killed a greater mummy
 83435 | Tomb:1   | Killed a greater mummy
 83742 | Tomb:1   | Noticed a greater mummy
 83754 | Tomb:1   | Killed a greater mummy
 83756 | Tomb:1   | Noticed a greater mummy
 83767 | Tomb:1   | Killed a greater mummy
 83914 | Tomb:1   | Noticed a greater mummy
 83920 | Tomb:1   | Noticed a greater mummy
 83920 | Tomb:1   | Noticed a greater mummy
 83921 | Tomb:1   | Noticed a greater mummy
 83924 | Tomb:1   | Killed a greater mummy
 83925 | Tomb:1   | Noticed a greater mummy
 83926 | Tomb:1   | Noticed a greater mummy
 83930 | Tomb:1   | Killed a greater mummy
 83930 | Tomb:1   | Noticed a greater mummy
 83932 | Tomb:1   | Noticed a greater mummy
 83932 | Tomb:1   | Gained mutation: You often lose your temper in combat.
                  | [mutagenic glow]
 83936 | Tomb:1   | Killed a greater mummy
 83942 | Tomb:1   | Killed a greater mummy
 83948 | Tomb:1   | Killed a greater mummy
 83962 | Tomb:1   | Gained mutation: Scrolls take you a little longer to read.
                  | [mutagenic glow]
 83988 | Tomb:1   | Gained mutation: You are extremely frail. (-30% HP)
                  | [mutagenic glow]
 84283 | Tomb:1   | Killed a greater mummy
 84468 | Tomb:1   | Killed a greater mummy
 84473 | Tomb:1   | Killed a greater mummy
 84794 | Tomb:3   | Entered Level 3 of the Tomb of the Ancients
 84813 | Tomb:3   | Noticed a greater mummy
 84827 | Tomb:3   | Noticed a greater mummy
 84836 | Tomb:3   | Noticed a greater mummy
 84849 | Tomb:3   | Noticed a greater mummy
 84849 | Tomb:3   | Killed a greater mummy
 84909 | Tomb:3   | Killed a greater mummy
 84931 | Tomb:3   | Killed a greater mummy
 84959 | Tomb:3   | Killed a greater mummy
 85274 | Tomb:3   | Noticed a greater mummy
 85291 | Tomb:3   | Killed a greater mummy
 85450 | Tomb:3   | Noticed a greater mummy
 85450 | Tomb:3   | Noticed a greater mummy
 85457 | Tomb:3   | Killed a greater mummy
 85462 | Tomb:3   | Killed a greater mummy
 85511 | Tomb:3   | Found the amulet of the Four Winds {rN+ MR+++ Clar}
 85515 | Tomb:3   | Found the +0 pair of fencer's gloves {Riposte Dex+3}
 85538 | Tomb:3   | Identified the Handbook of the Floating Glacier
 85540 | Tomb:3   | Identified the Guide on Fetching Earth
 85583 | Tomb:3   | Noticed a greater mummy
 85594 | Tomb:3   | Killed a greater mummy
 85598 | Tomb:3   | Got a scorched marble ring
 85758 | Tomb:3   | Got a golden rune of Zot
 86493 | Depths:4 | Identified the ring "Gyny Nish" {MP+9 Int+4} (You found it
                  | on level 3 of the Crypt)
 86495 | Depths:4 | Identified the ring "Egahupp" {Fire Str+5} (You found it on
                  | level 3 of the Tomb of the Ancients)
 86497 | Depths:4 | Identified the +3 flail of Conscience {speed, MP+9} (You
                  | found it on level 1 of the Tomb of the Ancients)
 86664 | Pan      | Entered Pandemonium
 86712 | Pan      | Reached skill level 1 in Evocations
 87238 | Pan      | Noticed Latha the pandemonium lord
 87255 | Pan      | Killed Latha the pandemonium lord
 87320 | Pan      | Noticed Ahifunla the pandemonium lord
 87339 | Pan      | Killed Ahifunla the pandemonium lord
 87373 | Pan      | Entered the realm of Cerebov.
 87409 | Pan      | Reached skill level 5 in Evocations
 87827 | Pan      | Identified the +6 sword of Cerebov {flame}
 87827 | Pan      | Noticed Cerebov
 87854 | Pan      | Killed Cerebov
 87932 | Pan      | Identified Yvireal's Catalogue of the Rocks and Arcane
                  | Weapons
 87994 | Pan      | Got a steaming iron amulet
 88017 | Pan      | Got a faintly glowing broad axe
 88078 | Pan      | Identified the Compendium of Venomous Enchantment
 88150 | Pan      | Got a fiery rune of Zot
 88377 | Pan      | Noticed Casmishrioc the pandemonium lord
 88390 | Pan      | Killed Casmishrioc the pandemonium lord
 88891 | Pan      | Found an exit through the horrors of the Abyss.
 89018 | Pan      | Identified the +1 chain mail of Imperfection {*Contam Str+8
                  | Int-5 Slay+4}
 89071 | Pan      | Gained mutation: You are dopey. (Int -2) [a neqoxec]
 89073 | Pan      | Noticed Meibbayh the pandemonium lord
 89084 | Pan      | Killed Meibbayh the pandemonium lord
 89366 | Pan      | Entered the realm of Gloorx Vloq.
 89733 | Pan      | Noticed Gloorx Vloq
 89778 | Pan      | Killed Gloorx Vloq
 89807 | Pan      | Reached skill level 10 in Evocations
 89919 | Pan      | Got a dark rune of Zot
 90620 | Pan      | Found an exit through the horrors of the Abyss.
 90772 | Pan      | Entered the realm of Lom Lobon.
 90909 | Pan      | Found an exit through the horrors of the Abyss.
 91425 | Pan      | Identified the amulet of the Cast Vote {Faith *Drain rElec
                  | rF+ rN+} (You found it in Pandemonium)
 92314 | Pan      | Noticed Lom Lobon
 92350 | Pan      | Killed from afar by Lom Lobon

Illustrated notes

Levels and vault maps discovered:
D:1:      dpeg_arrival_prison, layout_loops_ring
D:2:      layout_loops_corners
D:3:      layout_loops_ring, nicolae_overflow_crystal_walls, first_ration,
          ebering_ghost_reflecting_pool, nicolae_tso_swordbearing_angel
D:4:      minmay_wonky_spiral, layout_basic, grunt_temple_overflow_open,
          temple_pool_b, chequers_serial_rivers_room_b, uniq_sigmund,
          uniq_edmund
D:5:      layout_rooms, nicolae_ossuary_entry_catacombs, uniq_menkaure
D:6:      layout_cave_pods, lightli_orcish_oven, uniq_blork_the_orc, uniq_pikel,
          uniq_eustachio
D:7:      layout_loops_cross, kb_rosetta
D:8:      layout_gridville, grunt_pizzeria, minmay_hollow_rounded_squares,
          uniq_grum, uniq_harold
D:9:      layout_rooms, serial_shops, nicolae_shop_crystal, uniq_psyche
D:10:     layout_basic, david_lair_shrubbed, serial_shops, shop, uniq_sonja,
          uniq_maurice, uniq_nergalle, uniq_josephine
D:11:     layout_basic, zombieorc2_lemuel
D:12:     cheibrodos_quadrivalence, layout_irregular_city
D:13:     layout_rooms, erik_vaults_2, serial_corexii_hall,
          corexii_hall_statues_t, corexii_hall_statues_i,
          chequers_hall_statues_y, corexii_hall_statues_i,
          minmay_beelzebubs_servants, uniq_jorgrun, uniq_snorg, uniq_kirke
D:14:     layout_cave_pools, serial_park_tiny_pond, serial_shops, freezing_bzr,
          trog_ov_bears_minmay
D:15:     grunt_enter_depths_snipers, layout_stronghold, eino_curves_01,
          lemuel_tele_altar, uniq_rupert
Temple:   lightli_temple_of_artemis
Lair:1:   layout_regular_city, gauntlet_entry_generic
Lair:2:   layout_misc_corridors, elwin_shoals_entry_rocks,
          guppyfry_snake_entry_island, chequers_serial_rivers_room_b, uniq_erica
Lair:3:   layout_roguey, grunt_megastairs_2
Lair:4:   layout_concentric_octagons, basic_altar
Lair:5:   layout_regular_city, wad_woods_river_01
Lair:6:   minmay_lair_end_frog_pond, layout_small_grid,
          nicolae_slime_entry_slimehenge, basic_altar,
          nicolae_quartered_pool_little, infiniplex_staircase_pool_2
Shoals:1: layout_shoals, nicolae_shoals_c_island
Shoals:2: layout_shoals
Shoals:3: layout_shoals, uniq_ilsuiw, uniq_polyphemus
Shoals:4: shoals_end_hangedman, layout_shoals, shoal_ilsuiw, serial_shops, shop,
          shop, shop, nicolae_shop_statue_plus, nicolae_shoals_drake_roost,
          uniq_aizul
Snake:1:  layout_chambers, serial_shops, shop
Snake:2:  gammafunk_sealed_library, layout_rooms, basic_altar, st_stairs_14,
          uniq_vashnia
Snake:3:  layout_cave_pods, grunt_ministairs_14, uniq_mara, uniq_agnes
Snake:4:  minmay_snake_end_coiled, layout_rooms, serial_bayou_pond_b
Orc:1:    layout_caves, serial_shops,
          nicolae_shop_temple_entry_statues_fountains
Orc:2:    st_orc_open, layout_diamond_mine, minmay_shop_mass, uniq_nessos,
          uniq_donald
Elf:1:    eino_elf_arrival_sip, layout_gridlike, enter_trove_2,
          portal_desolation_entry_twin_temple, minmay_elf_demonology,
          grunt_ministairs_10, nicolae_elf_glass_and_crystal_pillar_1,
          minmay_shop_grove
Elf:2:    layout_geoelf_diagonals, serial_shops, shop
Elf:3:    minmay_elf_hall_hex, layout_gridlike, nrook_mini_backslash
Vaults:1: v_alt_pattern_5, nicolae_vaults_quadrants,
          nicolae_vaults_puzzle_piece, ontoclasm_vaults_claustrophobia,
          nicolae_vaults_arrows, v_rooms_4, nicolae_vaults_alarming,
          vaults_dpeg_encased_lava, vaults_room_fours,
          hangedman_vaults_stretched_pinwheel, grunt_vaults_hallway_short,
          layout_vaults_maze
Vaults:2: nicolae_vaults_shelves_hall, hangedman_vaults_stretched_pinwheel,
          nicolae_vaults_what_the_h, grunt_vaults_funneled_arena,
          v_alt_pattern_3, vaults_room_door_hall, nicolae_vaults_network_square,
          nicolae_vaults_network_star, v_pattern_2, vaults_room_semicircle,
          vaults_room_stairs_pillars, layout_vaults_omnibox, serial_shops, shop
Vaults:3: hangedman_vaults_nails, ontoclasm_vaults_twist, v_misc_1,
          vaults_dpeg_ring, minmay_crypt_entry_simple_statues,
          nicolae_vaults_halls_meeting, v_alt_pattern_3, layout_vaults_omnicross
Vaults:4: v_rooms_2, hangedman_vaults_nails, hangedman_vaults_corner_blocks,
          ontoclasm_vaults_decontamination, hangedman_vaults_maws, v_rooms_5,
          nicolae_vaults_little_squares_3, grunt_vaults_diagonal, v_misc_8,
          nicolae_vaults_stairing_the_circle, layout_vaults_omnigrid,
          serial_shops, nicolae_shop_waterfront, uniq_saint_roka
Vaults:5
Crypt:1:  layout_basic, uniq_mennas
Crypt:2:  layout_rooms
Crypt:3:  quadcrypt_mu
Tomb:1
Tomb:2:   uniq_boris
Tomb:3
Depths:1: layout_honeycomb, serial_glass, glass_columns_a, glass_columns_b,
          glass_columns_a, glass_columns_c, glass_columns_c, glass_columns_a,
          glass_columns_a, glass_columns_a, glass_columns_a, glass_columns_a,
          hangedman_abyss_or_decor_lesser_grid, hell_entry, grunt_ministairs_11,
          minmay_microvault
Depths:2: minmay_open_boxes_in_corner, layout_gridlike,
          infiniplex_staircase_spiral_double, grunt_hell_horde,
          ashenzari_altar_1, uniq_sojobo, uniq_bai_suzhen
Depths:3: minmay_the_grid_net [minmay_the_grid_embedded,
          minmay_the_grid_dragon_a, minmay_the_grid_dragon_b,
          minmay_the_grid_aliased_spiral, minmay_the_grid_tiny_cups,
          minmay_the_grid_prize_four_corners], layout_cave_shapes,
          grunt_pan_entry_zigzag, serial_bayou_pond_c, hell_entry, abyss_entry,
          uniq_xtahua
Depths:4: box_level_dp, hell_entry, abyss_entry, pan_entry
Depths:5: grunt_zot_entry_hairpin, layout_gridlike, hell_entry, uniq_jory
Hell
Dis:1:    lemuel_mystery_crypt, layout_chaotic_city
Dis:2:    layout_gridville, special_room [special_room_morgue]
Dis:3:    layout_overlapping_boxes, hangedman_dis_decor_blocks_talon
Dis:4:    layout_jigsaw
Dis:5:    layout_subdivisions
Dis:6:    layout_overlapping_boxes
Dis:7:    iron_city_of_dis [dis_mu, dis_wall_3], layout_chaotic_city
Geh:1:    layout_gehenna_lava_caves
Geh:2:    layout_gehenna_lava_caves
Geh:3:    layout_gehenna_pools_basic
Geh:4:    layout_gehenna_lava_caves
Geh:5:    layout_gehenna_lava_caves
Geh:6:    layout_gehenna_pools_triple
Geh:7:    geh_hangedman
Coc:1:    layout_ice_bergs
Coc:2:    layout_cocytus_water_paths
Coc:3:    layout_cocytus_water_paths
Coc:4:    layout_cocytus_water_paths
Coc:5:    layout_cocytus_water_paths, lemuel_elevator
Coc:6:    layout_ice_bergs
Coc:7:    coc_dpeg
Tar:1:    layout_honeycomb
Tar:2:    layout_honeycomb, nicolae_tar_cuneiform_sun, evilmike_ambush
          [evilmike_ambush_outer_basic, evilmike_ambush_inner_cross],
          grunt_megastairs_3
Tar:3:    layout_grid_maze
Tar:4:    layout_grid_maze
Tar:5:    layout_grid_maze, nicolae_tar_cuneiform_oil
Tar:6:    grunt_deathspiral_small, layout_cathedral_of_symmetry
Tar:7:    tar_minmay_river
Pan:      evilmike_mini_pan_branches, layout_grid_shapes,
          nicolae_pan_strange_glyphs [nicolae_pan_strange_glyph_worry,
          nicolae_pan_strange_glyph_disgust, nicolae_pan_strange_glyph_regret],
          rand_demon_2, layout_basic, evilmike_cerebov_lava,
          layout_cellular_growth, grunt_pan_pentagram, layout_pan_divisions_a
          [pan_division_quadrant_a2, pan_division_quadrant_a6,
          pan_division_quadrant_a4, pan_division_quadrant_a2,
          pan_division_octagon_box], grunt_pan_spiral, layout_basic,
          pan_blood_fountain, gammafunk_the_bubble
          [the_bubble_gammafunk_plus_minus], layout_irregular_city,
          nicolae_pan_lom_lobonic_4, lemuel_hellion_island, layout_gridlike,
          pan_blood_fountain_small, rand_demon_4, layout_small_grid,
          pan_blood_fountain, pan_blood_fountain_2, rand_demon_4,
          layout_pan_divisions_b [pan_division_quadrant_b6,
          pan_division_quadrant_b6, pan_division_quadrant_b1,
          pan_division_quadrant_b4], evilmike_mini_pan_diamond,
          layout_onion_city, pan_blood_fountain_small, gloorx_vloq,
          layout_gridlike, pan_blood_fountain_small, lemuel_hall_of_pain,
          layout_stronghold, lom_lobon_spiral_st, layout_basic,
          pan_blood_fountain

Skill      XL: |  1  2  3  4  5  6  7  8  9 10 11 12 13 14 15 16 17 18 19 20 21 22 23 24 25 26 27 |
---------------+----------------------------------------------------------------------------------+-----
Fighting       | 4 5 6 7 8 9 10 11 12 13 14 15 17 18 19 20 21 22 23 27 | 27.0
Maces & Flails | 3 4 5 6 7 8 9 |  9.2
Dodging        | 2 3 5 6 7 8 9 10 11 12 13 14 23 | 23.5
Armour         | 4 6 7 8 9 10 11 12 13 14 15 16 17 18 19 20 21 25 | 25.2
Shields        | 4 6 7 8 9 10 11 12 13 14 15 16 17 18 19 20 21 25 | 25.2
Invocations    | 1 4 5 7 9 10 18 | 18.0
Axes           | 2 4 6 7 8 9 |  9.0
Long Blades    | 10 13 14 15 16 17 18 19 26 | 26.9
Evocations     | 11 | 11.2

Action                   |  1- 3 |  4- 6 |  7- 9 | 10-12 | 13-15 | 16-18 | 19-21 | 22-24 | 25-27 || total
-------------------------+-------+-------+-------+-------+-------+-------+-------+-------+-------++-------
Melee: Flail             |   127 |   241 |   506 |   400 |   122 |       |       |       |       ||  1396
       War axe           |       |       |       |   509 |  1123 |       |       |       |       ||  1632
       Unarmed           |       |       |       |    26 |       |       |       |       |       ||    26
       Broad axe         |       |       |       |       |   445 |    50 |       |       |       ||   495
       Long sword        |       |       |       |       |       |  1575 |  1371 |       |       ||  2946
       Scimitar          |       |       |       |       |       |       |   364 |  2171 |  2432 ||  4967
       Eudemon blade     |       |       |       |       |       |       |       |       |  5948 ||  5948
Invok: Heroism           |       |       |     2 |    19 |    15 |    10 |    16 |    12 |     8 ||    82
       Finesse           |       |       |       |     4 |     3 |     6 |     6 |     8 |     3 ||    30
       Cleansing Flame   |       |       |       |       |       |       |       |       |    33 ||    33
       Summon Divine War |       |       |       |       |       |       |       |       |     8 ||     8
       Divine Shield     |       |       |       |       |       |       |       |       |     2 ||     2
       Brand Weapon With |       |       |       |       |       |       |       |       |     1 ||     1
 Abil: Fly               |       |       |       |       |     1 |       |       |       |       ||     1
  Use: Potion            |       |     1 |     2 |     1 |       |       |       |     2 |    39 ||    45
       Scroll            |       |       |    19 |    15 |     2 |     3 |     7 |    12 |    28 ||    86
 Stab: Confused          |       |       |       |     3 |       |       |       |       |       ||     3
       Petrified         |       |       |       |       |       |       |     3 |       |       ||     3
       Invisible         |       |       |       |       |       |       |       |     4 |       ||     4
       Distracted        |       |       |       |       |       |       |       |       |     1 ||     1
  Eat: Chunk             |     1 |     7 |     8 |    20 |    40 |    22 |    33 |    30 |    44 ||   205
       Ration            |       |       |     1 |     1 |       |     2 |     1 |     2 |    28 ||    35
Armor: Scale mail        |    73 |    90 |   160 |       |       |       |       |       |       ||   323
       Chain mail        |       |       |    67 |    82 |       |   363 |    13 |       |       ||   525
       Plate armour      |       |       |       |   382 |   739 |    18 |   402 |   472 |  1898 ||  3911
       Skin              |       |       |       |     6 |       |       |       |       |       ||     6
Dodge: Dodged            |    50 |    64 |   119 |   300 |   439 |   310 |   275 |   383 |  1316 ||  3256
Block: Kite shield       |    71 |    83 |   317 |   868 |  1168 |       |       |       |       ||  2507
       Reflection        |       |       |       |    16 |    34 |   264 |   230 |   144 |   240 ||   928
       Other             |       |       |       |    12 |       |       |       |       |       ||    12
       Tower shield      |       |       |       |       |  1003 |  2495 |  2195 |  3105 |  9910 || 18708
       Rpst.: Long sword |       |       |       |       |       |    49 |    35 |       |       ||    84
       Scimitar          |       |       |       |       |       |       |     7 |    54 |    51 ||   112
       Eudemon blade     |       |       |       |       |       |       |       |       |   139 ||   139
